 Dungeon Crawl Stone Soup version 0.32-a0-576-g706899e69d (webtiles) character file.

Game seed: 1637069183179176543

2289 BeKind the Blocker (level 9, 0/54 HPs)
             Began as an Octopode Fighter on Mar 1, 2024.
             Was a Believer of Qazlal.
             Slain by Maurice
             ... wielding a +0 short sword
              (2 damage)
             ... on level 7 of the Dungeon.
             The game lasted 00:10:01 (7543 turns).

BeKind the Blocker (Octopode Fighter)               Turns: 7543, Time: 00:10:02

Health: 0/54       AC:  1    Str: 15    XL:     9   Next: 39%
Magic:  11/14      EV: 15    Int: 11    God:    Qazlal [**....]
Gold:   419        SH: 14    Dex: 17    Spells: 12/14 levels left

rFire   . . .        o - +1 spear (flame)
rCold   . . .        b - +0 buckler
rNeg    . . .        (helmet restricted)
rPois   .            h - amulet of reflection
rElec   .            (no ring)
rCorr   .            (no ring)
SInv    .            (no ring)
Will    .....        (no ring)
Stlth   ++           (no ring)
HPRegen 0.29/turn    (no ring)
MPRegen 0.14/turn    (no ring)
                     (no ring)

%: reflection
@: no status effects
A: almost no armour, amphibious, 8 rings, camouflage 1, gelatinous body 1,
(nimble swimmer 1), tentacles, tentacle spike 1, agile 1, frail 1
a: Renounce Religion, Upheaval


You were on level 7 of the Dungeon.
You worshipped Qazlal.
Qazlal was pleased with you.
You visited 1 branch of the dungeon, and saw 7 of its levels.

You collected 419 gold pieces.

Inventory:

Hand Weapons
 a - a +0 trident
 o - a +1 spear of flaming (weapon)
Missiles
 c - a throwing net (quivered)
Armour
 b - a +0 buckler (worn)
Jewellery
 h - an amulet of reflection (around mantle)
Wands
 f - a wand of paralysis (9)
 j - a wand of iceblast (6)
 m - a wand of digging (2)
 n - a wand of flame (20)
Scrolls
 e - 3 scrolls of identify {unknown}
 i - 4 scrolls of fear {unknown}
 k - a scroll of enchant weapon
 l - 3 scrolls of teleportation {unknown}
Potions
 g - 2 potions of attraction {unknown}
 q - a potion of brilliance {unknown}


   Skills:
 - Level 4.8 Fighting
 + Level 5.9 Polearms
 - Level 4.8 Dodging
 * Level 8.2 Shields
 + Level 3.3 Spellcasting
 + Level 3.6 Summonings


You had 12 spell levels left.
You knew the following spells:

 Your Spells              Type           Power      Damage    Failure   Level
a - Call Imp              Summ           18%        N/A       11%         2

Your spell library contained the following spells:

 Spells                   Type           Power      Damage    Failure   Level
 Magic Dart               Conj           4%         1d3       30%         1
 Sandblast                Erth           2%         2d4       30%         1
 Slow                     Hex            4%         N/A       30%         1
 Blink                    Tloc           2%         N/A       43%         2
 Scorch                   Fire           2%         2d5       43%         2
 Confusing Touch          Hex            1%         N/A       67%         3
 Passwall                 Erth           1%         N/A       67%         3
 Sigil of Binding         Hex            1%         N/A       67%         3
 Stone Arrow              Conj/Erth      2%         3d7       67%         3
 Tukima's Dance           Hex            1%         N/A       67%         3
 Vampiric Draining        Necr           1%         2d6       67%         3
 Brom's Barrelling Bould  Conj/Erth      1%         2d3       97%         4
 Dimensional Bullseye     Hex/Tloc       0%         N/A       97%         4
 Flame Wave               Conj/Fire      1%         2d4       97%         4
 Iskenderun's Mystic Bla  Conj/Tloc      1%         2d3       97%         4
 Summon Forest            Summ/Tloc      2%         N/A       99%         5
 Summon Mana Viper        Hex/Summ       5%         N/A       99%         5
 Summon Cactus Giant      Summ           4%         N/A       100%        6


Dungeon Overview and Level Annotations

Branches:
Dungeon (7/15)             Temple (0/1) D:7

Altars:
Cheibriados
Dithmenos
Nemelex Xobeh
Qazlal
Yredelemnul

Shops:
D:3 !

Annotations:
D:7 Maurice


Innate Abilities, Weirdness & Mutations

You cannot wear most types of armour.
You are amphibious.
You can wear up to eight rings at the same time.
Your skin changes colour to match your surroundings (Stealth+).
Your rubbery body absorbs attacks. (AC +1, EV +1)
((You are camouflaged when in or above water. (Stealth+)))
You have tentacles for arms and can constrict up to eight enemies at once.
One of your tentacles bears a spike.
You are agile. (Dex +4, Str/Int -1)
You are frail. (-10% HP)


Message History

Confirm with . or Enter, or press ? or * to list all spells.
A tiny devil pulls itself out of the air.
You feel sick.
Maurice gestures wildly while chanting.
Maurice blinks!
You feel sick.
Maurice gestures wildly while chanting.
Maurice flickers and vanishes!
Deactivating autopickup; reactivate with Ctrl-A.
You feel sick.
You feel sick.
You feel sick.
You feel sick.
You are no longer poisoned.
There is a strange disturbance nearby!
You hear a zap.
An iceblast appears from out of thin air!
The mass of ice explodes!
The iceblast engulfs your cerulean imp!
Your cerulean imp dies!
Your cerulean imp disappears in a puff of smoke!
The iceblast engulfs something.
Casting: Call Imp (safe; 10% risk of failure)
Confirm with . or Enter, or press ? or * to list all spells.
A tiny devil pulls itself out of the air.
You hear a zap.
An iceblast appears from out of thin air!
The mass of ice explodes!
The iceblast engulfs you!
* * * LOW HITPOINT WARNING * * *
The iceblast engulfs your cerulean imp!
As you read the scroll labelled WEUJYC KUA, it crumbles to dust.
It is a scroll of enchant weapon.
Your +0 spear of flaming glows red for a moment.
It was a potion of mutation.
You feel extremely strange.
One of your lower tentacles grows a sharp spike.
You feel agile.
You feel frail. Something hits you.
* * * LOW HITPOINT WARNING * * *
Something steals your ring of willpower!
Something bites you.
You die...

.####.........####...#.#
## ##.......## ##.##.# #
##.....## ####.# ##...##
#.# ##'## #)# #.########
#.# ### #.##.....# .#
.....#.##.###.#####.#
#......)...#.5@......#
#.###......#.#.#######
#......#.#.#
#........#.#
#####......# #.######
..# ###


You could see a friendly cerulean imp (summoned).

Vanquished Creatures
  Prince Ribbit (D:7)
  Menkaure (D:4)
  A water moccasin (D:7)
  An ice beast (D:7)
  An ogre (D:4)
  A black bear (D:6)
  A phantom (D:6)
  3 bullfrogs
  3 scorpions
  8 wights
  A howler monkey (D:4)
  A bombardier beetle (D:4)
  3 hounds (D:5)
  2 gnoll boudas
  2 jellies
  2 sleepcaps
  Jessica (D:3)
  2 iguanas
  An orc wizard (D:3)
  12 gnolls
  5 adders
  2 white imps
  2 ufetubi (D:6)
  A dart slug (D:4)
  2 ribbon worms
  14 orcs
  10 endoplasms
  10 giant cockroaches
  9 goblins
  8 hobgoblins
  6 jackals
  4 quokkas
  2 ball pythons
  3 bats
  2 frilled lizards (D:1)
  5 kobolds
  6 rats
139 creatures vanquished.

Vanquished Creatures (collateral kills)
  A gnoll (D:7)
1 creature vanquished.

Grand Total: 140 creatures vanquished

Notes
Turn   | Place    | Note
-------+----------+-------------------------------------------
     0 | D:1      | BeKind the Octopode Fighter began the quest for the Orb.
     0 | D:1      | Reached XP level 1. HP: 16/16 MP: 1/1
   177 | D:1      | Reached XP level 2. HP: 17/21 MP: 2/2
   312 | D:1      | Reached XP level 3. HP: 26/26 MP: 3/3
   730 | D:2      | Found a faded altar of an unknown god.
  1057 | D:2      | Reached XP level 4. HP: 31/31 MP: 4/4
  1622 | D:3      | Found a shadowy altar of Dithmenos.
  1644 | D:3      | You fall into a shaft and drop 2 floors!
  1644 | D:5      | Entered Level 5 of the Dungeon
  1661 | D:5      | Noticed a scorpion
  1745 | D:4      | Noticed an ogre
  1753 | D:4      | Killed an ogre
  1754 | D:4      | Reached skill level 4 in Shields
  1754 | D:4      | Reached XP level 5. HP: 37/37 MP: 5/5
  1856 | D:4      | Reached XP level 6. HP: 43/43 MP: 6/6
  1885 | D:4      | Found a stormy altar of Qazlal.
  1963 | D:4      | Became a worshipper of Qazlal Stormbringer
  3004 | D:5      | Reached skill level 5 in Shields
  3206 | D:5      | Reached XP level 7. HP: 46/49 MP: 7/7
  3282 | D:5      | Found a sparkling altar of Nemelex Xobeh.
  3745 | D:4      | Noticed Menkaure
  3752 | D:4      | Killed Menkaure
  3941 | D:4      | Paralysed by a wight for 3 turns
  4059 | D:3      | Found Epnufumi's Distillery.
  4092 | D:3      | Noticed Jessica
  4096 | D:3      | Killed Jessica
  4197 | D:3      | Reached * piety under Qazlal
  4362 | D:3      | HP: 2/49 [something (4)]
  4370 | D:3      | HP: 2/49 [something (2)]
  4376 | D:3      | Reached skill level 6 in Shields
  4661 | D:3      | Learned a level 2 spell: Call Imp
  4765 | D:4      | Reached XP level 8. HP: 11/54 MP: 7/9
  4988 | D:4      | Reached skill level 1 in Spellcasting
  5006 | D:4      | Reached skill level 1 in Summonings
  5033 | D:4      | Found a basalt altar of Yredelemnul.
  5643 | D:7      | Found a snail-covered altar of Cheibriados.
  5730 | D:7      | Reached skill level 5 in Polearms
  5730 | D:7      | Reached skill level 7 in Shields
  5931 | D:7      | Found a staircase to the Ecumenical Temple.
  5964 | D:7      | Noticed Prince Ribbit
  5978 | D:7      | Killed Prince Ribbit
  6078 | D:5      | Reached XP level 9. HP: 17/59 MP: 11/13
  6959 | D:6      | Reached skill level 8 in Shields
  7083 | D:7      | Reached ** piety under Qazlal
  7528 | D:7      | Noticed Maurice
  7542 | D:7      | Gained mutation: One of your tentacles bears a spike.
                  | [potion of mutation]
  7542 | D:7      | Gained mutation: You are agile. (Dex +4, Str/Int -1)
                  | [potion of mutation]
  7542 | D:7      | Gained mutation: You are frail. (-10% HP) [potion of
                  | mutation]
  7543 | D:7      | HP: 2/54 [something (4)]
  7543 | D:7      | Something stole a ring of willpower
  7543 | D:7      | Slain by Maurice

Illustrated notes

Levels and vault maps discovered:
D:1:      shiori_shiawase, layout_basic
D:2:      layout_basic, chequers_ecumenical_altar_island
D:3:      layout_basic, nicolae_dithmenos_the_darkroom, serial_glass,
          glass_columns_b, glass_columns_a, serial_shops,
          nicolae_shop_peninsula, gup_sewer_entry_pipe, uniq_jessica
D:4:      layout_loops_ring, kennysheep_little_box,
          mainiacjoe_overflow_alcove_4, skrybe_limestone_x, uniq_menkaure
D:5:      layout_loops_ring, mainiacjoe_overflow_six_doors_small
D:6:      layout_gridville
D:7:      layout_loops_corners, nicolae_overflow_crystal_walls,
          minmay_temple_entry_hall, serial_park_tiny_2, uniq_maurice,
          uniq_prince_ribbit1

Skill      XL: |  1  2  3  4  5  6  7  8  9 |
---------------+----------------------------+-----
Polearms       | 3 4 5 |  5.9
Shields        | 4 5 6 7 8 |  8.2
Fighting       | 4 |  4.8
Dodging        | 4 |  4.8
Spellcasting   | 2 3 |  3.3
Summonings     | 2 3 |  3.6

Action                     |  1- 3 |  4- 6 |  7- 9 || total
---------------------------+-------+-------+-------++-------
  Melee: Trident           |    77 |    74 |   204 ||   355
         Constrict         |     9 |    15 |    42 ||    66
         Tentacles         |     7 |    14 |    45 ||    66
         Spear             |       |       |    58 ||    58
   Cast: Call Imp          |       |       |     5 ||     5
    Use: Potion            |       |     1 |     6 ||     7
         Scroll            |       |       |     1 ||     1
   Stab: Sleeping          |     9 |     9 |       ||    18
 Armour: Skin              |    11 |    23 |    96 ||   130
  Dodge: Dodged            |    27 |    29 |    75 ||   131
  Block: Buckler           |    11 |    16 |   106 ||   133
         Reflection        |       |       |     3 ||     3

Table legend: (Time is in decaauts)
 A = Elapsed time spent in this place.
 B = Non-inter-level travel time spent in this place.
 C = Inter-level travel time spent in this place.
 D = Time resting spent in this place.
 E = Time spent auto-exploring this place.
 F = Levels seen in this place.
 G = Mean time per level.
                   A        B        C        D        E       F      G
               +--------+--------+--------+--------+--------+-----+--------+
         Total |   7621 |   7350 |    271 |   1382 |   4908 |   7 | 1088.7 |
       Dungeon |   7621 |   7350 |    271 |   1382 |   4908 |   7 | 1088.7 |
               +--------+--------+--------+--------+--------+-----+--------+

Top non-repeatable levels by time:
     D:5: 2041 daAuts
     D:6: 1067 daAuts
     D:7: 1050 daAuts
     D:4: 1035 daAuts
     D:2: 880 daAuts
     D:3: 855 daAuts
     D:1: 689 daAuts
